 Dungeon Crawl Stone Soup version 0.23-a0-681-g26ad783 (webtiles) character file.

31 snetch the Charmwright (level 3, -1/31 HPs)
             Began as a Gnoll Skald on Jan 11, 2019.
             Slain by a jackal (2 damage)
             ... on level 2 of the Dungeon.
             The game lasted 00:02:59 (697 turns).

snetch the Charmwright (Gnoll Skald)                 Turns: 697, Time: 00:03:01

Health: -1/31      AC:  3    Str: 14    XL:     3   Next: 22%
Magic:  0/9        EV: 14    Int: 15    God:
Gold:   14         SH:  0    Dex: 14    Spells: 7/12 levels left

rFire    . . .     SeeInvis .   a - +0 hand axe
rCold    . . .     Gourm    .   (no shield)
rNeg     . . .     Faith    .   b - +0 leather armour
rPois    .         Spirit   .   (no helmet)
rElec    .         Reflect  .   (no cloak)
rCorr    .         Harm     .   (no gloves)
MR       .....                  (no boots)
Stlth    +.........             (no amulet)
HPRegen  0.10/turn              (no ring)
MPRegen  0.11/turn              (no ring)

@: infused
A: distributed training, fangs 1, strong nose
a: no special abilities


You were on level 2 of the Dungeon.
You were not hungry.

You visited 1 branch of the dungeon, and saw 2 of its levels.

You collected 14 gold pieces.

Inventory:

Hand Weapons
 a - a +0 hand axe (weapon)
Missiles
 c - 30 stones (quivered)
 e - 12 sling bullets
 h - 46 arrows
Armour
 b - a +0 leather armour (worn)
Scrolls
 g - 2 scrolls of remove curse {unknown}
 j - a scroll of identify {unknown}
Potions
 i - 2 potions of cancellation {unknown}
 k - a potion of might {unknown}
Comestibles
 d - 3 rations
 f - 2 chunks of flesh


   Skills:
 + Level 4.5 Fighting
 + Level 0.6 Short Blades
 + Level 0.6 Long Blades
 + Level 4.5 Axes
 + Level 0.6 Maces & Flails
 + Level 0.6 Polearms
 + Level 0.6 Staves
 + Level 0.6 Slings
 + Level 0.6 Bows
 + Level 0.6 Crossbows
 + Level 0.6 Throwing
 + Level 2.5 Armour
 + Level 4.5 Dodging
 + Level 0.6 Stealth
 + Level 0.6 Shields
 + Level 0.6 Unarmed Combat
 + Level 5.0 Spellcasting
 + Level 0.4 Conjurations
 + Level 0.4 Hexes
 + Level 5.4 Charms
 + Level 0.4 Summonings
 + Level 0.4 Necromancy
 + Level 0.4 Translocations
 + Level 0.4 Transmutations
 + Level 0.4 Fire Magic
 + Level 0.4 Ice Magic
 + Level 0.4 Air Magic
 + Level 0.4 Earth Magic
 + Level 0.4 Poison Magic
 + Level 0.8 Invocations
 + Level 0.6 Evocations


You had 7 spell levels left.
You knew the following spells:

 Your Spells              Type           Power        Failure   Level  Hunger
a - Infusion              Chrm           ###.         2%          1    None
b - Shroud of Golubria    Chrm/Tloc      ##........   9%          2    ##.....
c - Song of Slaying       Chrm           ###.....     3%          2    ##.....

Your spell library contained the following spells:

 Spells                   Type           Power        Failure   Level  Hunger
 Regeneration             Chrm/Necr      ##........   19%         3    ###....
 Spectral Weapon          Hex/Chrm       ##......     19%         3    ###....


Dungeon Overview and Level Annotations

Branches:
Dungeon (2/15)

Altars:


Innate Abilities, Weirdness & Mutations

Your experience applies equally to all skills.
You have very sharp teeth.
Your uncanny sense of smell can sniff out nearby items.


Message History

* * * LOW HITPOINT WARNING * * *
The quokka bites you but does no damage.
Unknown command.
You closely miss the jackal. Your bite misses the jackal.
You closely miss the quokka. You barely miss the adder.
The adder barely misses you. The jackal misses you. The quokka bites you.
* * * LOW HITPOINT WARNING * * *
The adder barely misses you.
You closely miss the jackal. You hit the worm. You barely miss the quokka.
You hit the adder. The quokka barely misses you. The adder bites you.
* * * LOW HITPOINT WARNING * * *
The quokka misses you.
You barely miss the jackal. You hit the adder but do no damage.
You miss the quokka. You hit the worm but do no damage.
The jackal closely misses you. The adder bites you.
* * * LOW HITPOINT WARNING * * *
The worm bites you.
* * * LOW HITPOINT WARNING * * *
The quokka completely misses you. The jackal bites you.
You die...

. .. ... .... ##
..... ..
####h.....
#.###w@hhr....
#....rS#......
#....###.K.##.###
###. ..#.# # #
..##.# #?. .# ..#
.# ..# ..


You could see a worm, an adder, a quokka, 3 jackals, a kobold and a rat.

Vanquished Creatures
  An adder (D:2)
  An ooze (D:2)
  2 bats (D:1)
  3 giant cockroaches (D:1)
  2 hobgoblins (D:1)
  A jackal (D:2)
  A kobold (D:1)
  A frilled lizard (D:1)
  3 goblins (D:1)
  2 rats
17 creatures vanquished.

Notes
Turn   | Place    | Note
-------+----------+-------------------------------------------
     0 | D:1      | snetch the Gnoll Skald began the quest for the Orb.
     0 | D:1      | Reached XP level 1. HP: 20/20 MP: 6/6
   123 | D:1      | Reached XP level 2. HP: 20/26 MP: 7/7
   272 | D:1      | Learned a level 2 spell: Shroud of Golubria
   275 | D:1      | Learned a level 2 spell: Song of Slaying
   691 | D:2      | Reached XP level 3. HP: 22/31 MP: 6/9
   692 | D:2      | Reached skill level 5 in Spellcasting
   697 | D:2      | HP: 1/31 [worm (4)]
   697 | D:2      | Slain by a jackal

Vault maps used:
D:1:      sevenhm_arrival_forest_fort_large_1
D:2:      minmay_overflow_temple_star_quad, lemuel_coloured_pillars_altar,
          lemuel_round_altar, minmay_tetromino_t4

Skill      XL: |  1  2  3 |
---------------+----------+-----
Spellcasting   | 5 |  5.0
Fighting       | |  4.5
Short Blades   | |  0.6
Long Blades    | |  0.6
Axes           | |  4.5
Maces & Flails | |  0.6
Polearms       | |  0.6
Staves         | |  0.6
Slings         | |  0.6
Bows           | |  0.6
Crossbows      | |  0.6
Throwing       | |  0.6
Armour         | |  2.5
Dodging        | |  4.5
Stealth        | |  0.6
Shields        | |  0.6
Unarmed Combat | |  0.6
Conjurations   | |  0.4
Hexes          | |  0.4
Charms         | |  5.4
Summonings     | |  0.4
Necromancy     | |  0.4
Translocations | |  0.4
Transmutations | |  0.4
Fire Magic     | |  0.4
Ice Magic      | |  0.4
Air Magic      | |  0.4
Earth Magic    | |  0.4
Poison Magic   | |  0.4
Invocations    | |  0.8
Evocations     | |  0.6

Action                   || total
-------------------------++-------
Melee: Hand axe          ||    41
       Bite              ||     5
 Cast: Infusion          ||     2
Armor: Leather armour    ||     8
Dodge: Dodged            ||    34

Table legend:
 A = Non-vault XP
 B = Vault XP
 C = Vault XP percentage of total XP
 D = Non-vault monster count
 E = Vault monster count
 F = Vault count percentage of total count
                 A         B        C        D         E       F
            +---------+---------+-------+---------+---------+-------
      Total |      38 |       7 |  15.6 |      16 |       1 |   5.9
            +---------+---------+-------+---------+---------+-------
        D:1 |      22 |       0 |   0.0 |      13 |       0 |   0.0
        D:2 |      16 |       7 |  30.4 |       3 |       1 |  25.0
            +---------+---------+-------+---------+---------+-------
